 Dungeon Crawl Stone Soup version 0.23.0 (webtiles) character file.

Game seed: 4251056583400805292

81 inmateoo the Sneak (level 4, -5/29 HPs)
             Began as an Octopode Transmuter on Feb 15, 2019.
             Shot with an arrow by a centaur (8 damage)
             ... on level 4 of the Dungeon.
             The game lasted 00:02:25 (2394 turns).

inmateoo the Sneak (Octopode Transmuter)            Turns: 2394, Time: 00:02:25

Health: -5/29      AC:  1    Str:  9    XL:     4   Next: 40%
Magic:  0/7        EV: 16    Int: 16    God:
Gold:   166        SH:  0    Dex: 12    Spells: 1/7 levels left

rFire    . . .     SeeInvis .     - Unarmed
rCold    . . .     Gourm    .   (no shield)
rNeg     . . .     Faith    .   (helmet restricted)
rPois    .         Spirit   .   d - amulet of regeneration
rElec    .         Reflect  .   k - +3 ring of evasion
rCorr    .         Harm     .   (no ring)
MR       .....                  (no ring)
Stlth    +++.......             (no ring)
HPRegen  0.49/turn              (no ring)
MPRegen  0.10/turn              (no ring)
                                (no ring)
                                (no ring)

@: no status effects
A: almost no armour, stealthy swim, amphibious, 8 rings, constrict 8, camouflage
1, gelatinous body 1
a: no special abilities


You were on level 4 of the Dungeon.
You were near starving.

You visited 1 branch of the dungeon, and saw 4 of its levels.

You collected 166 gold pieces.

Inventory:

Missiles
 a - 75 arrows
 e - a stone (quivered)
Jewellery
 d - an amulet of regeneration (around mantle)
 k - a +3 ring of evasion (left tentacle)
Scrolls
 f - a scroll of remove curse
 n - a scroll of teleportation
Potions
 b - 5 potions of curing {unknown}
 g - a potion of flight
 j - a potion of might {unknown}
 l - 3 potions of haste {unknown}
 o - 2 potions of berserk rage {unknown}
 q - a potion of mutation
Comestibles
 c - 9 rations


   Skills:
 + Level 2.0 Fighting
 - Level 2.0 Dodging
 - Level 4.1 Stealth
 - Level 3.0 Unarmed Combat
 - Level 2.0 Spellcasting
 + Level 2.7 Transmutations


You had one spell level left.
You knew the following spells:

 Your Spells              Type           Power        Failure   Level  Hunger
a - Beastly Appendage     Tmut           ##....       7%          1    #......
b - Sticks to Snakes      Tmut           ##......     11%         2    ###....
c - Spider Form           Tmut/Pois      #.........   34%         3    ###....

Your spell library contained the following spells:

 Spells                   Type           Power        Failure   Level  Hunger
 Ice Form                 Ice/Tmut       #.......     75%         4    #####..
 Blade Hands              Tmut           ##........   88%         5    ######.


Dungeon Overview and Level Annotations

Branches:
Dungeon (4/15)
 Temple: D:4-7

Altars:
The Shining One


Innate Abilities, Weirdness & Mutations

You cannot wear most types of armour.
You are very stealthy in the water. (Stealth+)
You are amphibious.
You can wear up to eight rings at the same time.
You can use your tentacles to constrict eight enemies at once.
Your skin changes colour to match your surroundings (Stealth+).
Your rubbery body absorbs attacks. (AC +1, EV +1)


Message History

You see here an arrow.
Unknown command.
You swap places.
The centaur shoots an arrow.
The arrow hits you!
* * * LOW HITPOINT WARNING * * *
You see here 2 arrows.
Unknown command.
You swap places.
You see here an arrow.
Unknown command.
The centaur shoots an arrow.
The arrow hits your ball python!
Your ball python dies!
The centaur shoots an arrow.
The arrow barely misses you.
You see here an arrow.
Casting: Sticks to Snakes (safe; 11% risk of failure)
Confirm with . or Enter, or press ? or * to list all spells.
You create a snake!
You now have 75 arrows.
The centaur shoots an arrow.
The arrow hits you.
* * * LOW HITPOINT WARNING * * *
The centaur shoots an arrow.
The arrow hits you!
You die...

#.###.###+#.#
#.#.........#
#.#.#.......#
#..(.......#
#...#......#
+..c#......#
+###..(#......#
........(......#
........S@######
.......(S(#
....>.###.#
#+#... #.# #...
#.# #... #.# ##
#.# #.# #.#


You could see a centaur, a friendly adder and a friendly ball python.

Vanquished Creatures
  A worker ant (D:4)
  An adder (D:2)
  A worm (D:2)
  2 dart slugs (D:1)
  2 orcs (D:3)
  5 hobgoblins
  4 jackals
  2 ball pythons
  10 bats
  2 frilled lizards
  5 goblins
  A kobold (D:1)
  3 rats
39 creatures vanquished.

Notes
Turn   | Place    | Note
-------+----------+-------------------------------------------
     0 | D:1      | inmateoo the Octopode Transmuter began the quest for the
                  | Orb.
     0 | D:1      | Reached XP level 1. HP: 13/13 MP: 3/3
   156 | D:1      | Reached skill level 1 in Stealth
   202 | D:1      | Reached skill level 2 in Stealth
   321 | D:1      | Reached XP level 2. HP: 18/18 MP: 5/5
   334 | D:1      | Reached skill level 3 in Stealth
   821 | D:2      | Reached skill level 4 in Stealth
   821 | D:2      | Reached XP level 3. HP: 17/23 MP: 4/6
   984 | D:2      | Learned a level 2 spell: Sticks to Snakes
   988 | D:2      | Learned a level 3 spell: Spider Form
  1748 | D:3      | Found a glowing golden altar of the Shining One.
  1996 | D:3      | Reached XP level 4. HP: 28/28 MP: 7/7
  2378 | D:4      | Noticed a centaur
  2394 | D:4      | Shot with an arrow by a centaur

Skill      XL: |  1  2  3  4 |
---------------+-------------+-----
Stealth        | 2 4 |  4.1
Fighting       | 2 |  2.0
Dodging        | |  2.0
Unarmed Combat | |  3.0
Spellcasting   | |  2.0
Transmutations | |  2.7

Action                   |  1- 3 |  4- 6 || total
-------------------------+-------+-------++-------
Melee: Unarmed           |   100 |     3 ||   103
       Constrict         |    23 |     1 ||    24
       Tentacles         |    14 |       ||    14
       Kick              |     1 |       ||     1
 Cast: Beastly Appendage |     1 |       ||     1
       Sticks to Snakes  |       |     4 ||     4
       Spider Form       |       |     1 ||     1
 Abil: End Transformatio |       |     1 ||     1
  Use: Scroll            |       |     8 ||     8
       Potion            |       |     1 ||     1
 Stab: Sleeping          |    14 |     1 ||    15
  Eat: Chunk             |     3 |       ||     3
Armor: Skin              |     9 |       ||     9
Dodge: Dodged            |    76 |    10 ||    86
